 Dungeon Crawl Stone Soup version 0.30-a0-166-g5d06c95188 (webtiles) character file.

Game seed: 1080779687661470476

5 Decritt the Digger (level 1, 0/11 HPs)
             Began as a Gargoyle Earth Elementalist on Sept 29, 2022.
             Slain by a ball python (3 damage)
             ... on level 1 of the Dungeon.
             The game lasted 00:00:25 (147 turns).

Decritt the Digger (Gargoyle Earth Elementalist)     Turns: 147, Time: 00:00:25

Health: 0/11       AC:  4    Str: 11    XL:     1   Next: 80%
Magic:  0/3        EV: 11    Int: 15    God:
Gold:   10         SH:  0    Dex: 10    Spells: 3/4 levels left

rFire   . . .      SeeInvis .    (no weapon)
rCold   . . .      Faith    .    (no shield)
rNeg    + . .      Spirit   .    a - +0 robe
rPois   ∞          Reflect  .    (no helmet)
rElec   +          Harm     .    (no cloak)
rCorr   .          Rampage  .    (no gloves)
Will    .....                    (no boots)
Stlth   ++........               (no amulet)
HPRegen 0.03/turn                (no ring)
MPRegen 0.08/turn                (no ring)

@: no status effects
A: sickness immunity, AC +2, negative energy resistance 1, electricity
resistance, torment resistance 1, petrification resistance
a: no special abilities


You were on level 1 of the Dungeon.
You visited 1 branch of the dungeon, and saw 1 of its levels.

You collected 10 gold pieces.

Inventory:

Armour
 a - a +0 robe (worn)
 c - a +0 leather armour
Potions
 b - a potion of magic
 d - a potion of flight {unknown}


   Skills:
 + Level 0.4 Fighting
 - Level 1.5 Dodging
 - Level 2.1 Stealth
 + Level 2.1 Spellcasting
 + Level 0.4 Conjurations
 - Level 0.7 Transmutations
 + Level 3.7 Earth Magic


You had 3 spell levels left.
You knew the following spells:

 Your Spells              Type           Power      Damage    Failure   Level
a - Sandblast             Erth           24%        2d8       4%          1

Your spell library contained the following spells:

 Spells                   Type           Power      Damage    Failure   Level
 Passwall                 Tmut/Erth      6%         N/A       13%         2
 Stone Arrow              Conj/Erth      14%        3d7       28%         3
 Petrify                  Tmut/Erth      8%         N/A       65%         4


Dungeon Overview and Level Annotations

Branches:
Dungeon (1/15)

Altars:


Innate Abilities, Weirdness & Mutations

You are immune to sickness and miasma.
Your stone body is resilient. (AC +2)
You are immune to poison.
You resist negative energy. (rN+)
You are resistant to electric shocks. (rElec)
You are resistant to unholy torment.
You are immune to petrification.


Message History

d - a sedimented green potion You now have 10 gold pieces. 2 kobolds come into view.
The kobold shouts! x2; You hear an angry hiss.
The kobold moves out of view.
You see here a book of Spatial Translocations.
A kobold is nearby!
The blast of sand misses the kobold.
A ball python comes into view.
You barely miss the kobold. The kobold hits you but does no damage.
Casting: Sandblast (safe; 4% risk of failure)
Confirm with . or Enter, or press ? or * to list all spells.
Aiming: Sandblast (safe; 4% risk of failure)
Press: ? - help, Shift-Dir - straight line, f/p - kobold
Aim: a kobold, wielding a +0 club (77% to hit)
The blast of sand misses the kobold.
The kobold hits you with a +0 club.
Casting: Sandblast (safe; 4% risk of failure)
Confirm with . or Enter, or press ? or * to list all spells.
Aiming: Sandblast (safe; 4% risk of failure)
Press: ? - help, Shift-Dir - straight line, f/p - kobold
Aim: a kobold, wielding a +0 club (77% to hit)
The blast of sand hits the kobold!
You kill the kobold!
The kobold hits you but does no damage. The kobold attacks as you move away!
The kobold hits you but does no damage. The kobold attacks as you move away!
The kobold hits you but does no damage. The kobold attacks as you move away!
The kobold hits you with a +0 dagger. The kobold attacks as you move away!
The kobold hits you with a +0 dagger. The kobold attacks as you move away!
The kobold hits you with a +0 dagger.
* * * LOW HITPOINT WARNING * * *
The ball python attacks as you move away!
The ball python closely misses you. The kobold hits you but does no damage.
Casting: Sandblast (safe; 4% risk of failure)
Confirm with . or Enter, or press ? or * to list all spells.
Aiming: Sandblast (safe; 4% risk of failure)
Press: ? - help, Shift-Dir - straight line, f - ball python
Aim: a ball python (80% to hit)
The blast of sand misses the ball python.
The ball python bites you.
You die...

.~≈~. #.# #......>..... ~~. ~ #.#
#.###...##... ~. . # #.# #.#
##.###... . ~S .#. #.# #.#
#.###... #.##.##.# #.# #.
#......# ... ..# #.# #. #......#
#.##.# #.# #. ##.###.# #S)..# #.#
#. #.# #.# ####.# #@#
#.#####.###.# #######.########S#
#...........#
................K##########.#####
#######...............# #.#
###############.#####.#####
#.##†........ #....##.#####
##.....># #.######


You could see a ball python and a kobold.

Vanquished Creatures
  A giant cockroach (D:1)
  2 hobgoblins (D:1)
  A kobold (D:1)
4 creatures vanquished.

Notes
Turn   | Place    | Note
-------+----------+-------------------------------------------
     0 | D:1      | Decritt the Gargoyle Earth Elementalist began the quest for
                  | the Orb.
     0 | D:1      | Reached XP level 1. HP: 10/10 MP: 3/3
   147 | D:1      | Slain by a ball python

Illustrated notes

Levels and vault maps discovered:
D:1:      dpeg_arrival_short_road, layout_loops_ring,
          shapermc_ecumenical_altar_starsandcircs, serial_shops, shop,
          nicolae_shop_hallway_stairs, serial_park_tiny_1, minmay_distorted

Action                   || total
-------------------------++-------
Melee: Unarmed           ||     1
 Cast: Sandblast         ||     7
Armor: Robe              ||     5
Dodge: Dodged            ||     1

Table legend: (Time is in decaauts)
 A = Elapsed time spent in this place.
 B = Non-inter-level travel time spent in this place.
 C = Inter-level travel time spent in this place.
 D = Time resting spent in this place.
 E = Time spent auto-exploring this place.
 F = Levels seen in this place.
 G = Mean time per level.
                   A        B        C        D        E       F      G
               +--------+--------+--------+--------+--------+-----+--------+
         Total |    150 |    150 |      0 |      0 |    117 |   1 |  150.0 |
       Dungeon |    150 |    150 |      0 |      0 |    117 |   1 |  150.0 |
               +--------+--------+--------+--------+--------+-----+--------+

Top non-repeatable levels by time:
     D:1: 150 daAuts
